 Dungeon Crawl Stone Soup version 0.27.1-1-g398f81649c (webtiles) character file.

Game seed: 5433664510816627262

16 chaosape the Poker (level 2, -1/23 HPs)
             Began as a Gnoll Wanderer on Sept 9, 2021.
             Slain by a worm (7 damage)
             ... on level 2 of the Dungeon.
             The game lasted 00:02:35 (549 turns).

chaosape the Poker (Gnoll Wanderer)                  Turns: 549, Time: 00:02:36

Health: -1/23      AC:  5    Str:  8    XL:     2   Next: 58%
Magic:  2/2        EV:  7    Int: 12    God:
Gold:   5          SH:  0    Dex: 13    Spells: 1/1 levels left

rFire    . . .     SeeInvis .   a - +0 dagger
rCold    . . .     Faith    .   (no shield)
rNeg     . . .     Spirit   .   g - +0 ring mail
rPois    .         Reflect  .   (no helmet)
rElec    .         Harm     .   (no cloak)
rCorr    .         Rampage  .   (no gloves)
Will     .....                  (no boots)
Stlth    ++........             (no amulet)
HPRegen  0.07/turn              (no ring)
MPRegen  0.08/turn              (no ring)

@: constricted
A: fangs 1, strong nose, distributed training
a: no special abilities


You were on level 2 of the Dungeon.
You visited 1 branch of the dungeon, and saw 2 of its levels.

You collected 5 gold pieces.

Inventory:

Hand Weapons
 a - a +0 dagger (weapon)
Armour
 e - a +0 robe
 g - a +0 ring mail (worn)
Scrolls
 d - a scroll of teleportation
 h - a scroll of magic mapping {unknown}
 i - a scroll of amnesia {unknown}
Potions
 b - a potion of heal wounds
 c - a potion of curing
 f - a potion of haste


   Skills:
 + Level 2.5 Fighting
 + Level 0.4 Short Blades
 + Level 0.4 Long Blades
 + Level 0.4 Axes
 + Level 0.4 Maces & Flails
 + Level 6.5 Polearms
 + Level 0.4 Staves
 + Level 0.4 Slings
 + Level 0.4 Bows
 + Level 0.4 Crossbows
 + Level 0.4 Throwing
 + Level 0.4 Armour
 + Level 2.5 Dodging
 + Level 4.1 Stealth
 + Level 2.5 Shields
 + Level 4.5 Unarmed Combat
 + Level 0.4 Spellcasting
 + Level 0.2 Conjurations
 + Level 0.2 Hexes
 + Level 0.2 Summonings
 + Level 0.2 Necromancy
 + Level 0.2 Translocations
 + Level 0.2 Transmutations
 + Level 0.2 Fire Magic
 + Level 0.2 Ice Magic
 + Level 0.2 Air Magic
 + Level 0.2 Earth Magic
 + Level 0.2 Poison Magic
 + Level 0.5 Invocations
 + Level 0.4 Evocations


You had one spell level left.
You didn't know any spells.
Your spell library was empty.

Dungeon Overview and Level Annotations

Branches:
Dungeon (2/15)

Altars:


Innate Abilities, Weirdness & Mutations

You have very sharp teeth.
Your uncanny sense of smell can sniff out nearby items.
Your experience applies equally to all skills.


Message History

The worm is lightly wounded.
The worm closely misses you.
You hit the worm.
The worm is lightly wounded.
You hit the worm but do no damage. You punch the worm, but do no damage.
The worm is lightly wounded.
The worm bites you!
You are too injured to fight recklessly!
You are too injured to fight recklessly!
You are too injured to fight recklessly!
You are too injured to fight recklessly!
You are too injured to fight recklessly!
You are too injured to fight recklessly!
You are too injured to fight recklessly!
You barely miss the worm.
The worm is lightly wounded.
You hit the worm. You bite the worm, but do no damage.
The worm is moderately wounded.
The worm misses you.
You hit the worm but do no damage.
The worm is lightly wounded.
The worm closely misses you.
You hit the worm.
The worm is moderately wounded.
The ball python closely misses you. The ball python grabs you.
The ball python constricts you.
You barely miss the worm.
The worm is moderately wounded.
The worm bites you.
The ball python bites you but does no damage.
The ball python constricts you.
* * * LOW HITPOINT WARNING * * *
You hit the worm.
The worm is moderately wounded.
The ball python barely misses you. The ball python constricts you.
You hit the worm but do no damage.
The worm is moderately wounded.
The ball python bites you but does no damage.
The ball python constricts you. The worm bites you!
You die...

..##.##### #.#
.#.......# #.##
.........###..##
.........#.....#
#........#.....#
∆
..########.....#
## ### #.....##
..#
#####..##...#
........@w...#
........S....#
.............#
.............#
.............#
...............
.............##.
............#


You could see a worm and a ball python.

Vanquished Creatures
  An adder (D:2)
  A goblin (D:2)
  A hobgoblin (D:2)
  2 ball pythons (D:2)
  2 bats (D:2)
  A kobold (D:1)
  A rat (D:2)
9 creatures vanquished.

Notes
Turn   | Place    | Note
-------+----------+-------------------------------------------
     0 | D:1      | chaosape the Gnoll Wanderer began the quest for the Orb.
     0 | D:1      | chaosape set off with the following items: a +0 dagger, a
                  | potion of heal wounds, a potion of curing, a scroll of
                  | teleportation, a +0 robe, a potion of haste
     0 | D:1      | Reached XP level 1. HP: 17/17 MP: 1/1
    47 | D:2      | Reached XP level 2. HP: 21/23 MP: 2/2
   452 | D:2      | Found a faded altar of an unknown god.
   549 | D:2      | Slain by a worm

Illustrated notes

Levels and vault maps discovered:
D:1:      zaba_arrival_water, layout_rooms, minmay_fountain_box,
          lemuel_flame_loot_1
D:2:      layout_basic, dilly_ecumenical_altar_fadedgnrine, serial_shops,
          shop_fountains

Action                   || total
-------------------------++-------
Melee: Dagger            ||    47
       Bite              ||     4
       Punch             ||     2
 Stab: Sleeping          ||     2
Armor: Ring mail         ||    11
       Robe              ||     7
Dodge: Dodged            ||    29
